Map: [ESL] Site Delta

Players

PtitDrogo

  • Race: Protoss Protoss
  • Spawn Location: 11:00

uThermal - Winner!

  • Race: Protoss Protoss
  • Spawn Location: 5:00

Event: ESL SC2 Masters 2024 Spring (Regional)

VOD

Have the link to the VOD?

Description

Time

  • Played on: April 13, 2024, 11:53 a.m.
  • Length: 13:26

All games in this series

Show
View Real Time Build Order
Export as new Build Order

PtitDrogo Protoss 

Build Orders: Phoenix Opening, Chargelot Immortal 

Get SALT Encoding   

  12  0:00  Probe  
  13  0:12  Probe  
  14  0:20  Pylon  
  14  0:25  Probe  
  15  0:38  Probe (Chrono Boost)  
  15  0:39  Gateway  
  16  0:47  Assimilator, Probe (Chrono Boost)  
  17  0:52  Probe (Chrono Boost)  
  19  1:04  Probe (Chrono Boost)  
  19  1:05  Assimilator  
  19  1:15  Probe (Chrono Boost)  
  20  1:19  Probe (Chrono Boost)  
  20  1:21  Gateway  
  21  1:25  Cybernetics Core  
  21  1:30  Probe  
  22  1:42  Probe  
  22  1:44  Pylon  
  23  2:02  Probe  
  23  2:03  Warp Gate, Stalker  
  26  2:09  Sentry  
  26  2:14  Probe  
  29  2:22  Pylon  
  29  2:28  Probe  
  30  2:32  Pylon  
  30  2:41  Phoenix  
  30  2:44  Nexus  
  29  2:45  Probe  
  30  2:54  Robotics Facility  
  30  2:58  Probe  
  31  3:00  Sentry  
  33  3:08  Sentry  
  33  3:10  Probe  
  36  3:16  Pylon  
  36  3:22  Probe  
  37  3:34  Probe  
  37  3:39  Immortal (Chrono Boost)  
  38  3:46  Probe  
  43  3:51  Adept x2  
  47  3:57  Probe  
  47  3:58  Probe  
  49  4:08  Warp Prism (Chrono Boost)  
  49  4:09  Probe  
  52  4:11  Probe  
  53  4:22  Probe  
  53  4:23  Pylon, Probe  
  55  4:36  Probe  
  55  4:37  Adept x2  
  60  4:39  Probe  
  61  4:48  Probe  
  61  4:51  Probe  
  61  4:52  Nexus  
  63  4:53  Pylon  
  61  5:01  Probe  
  61  5:04  Immortal (Chrono Boost)  
  61  5:05  Probe  
  67  5:10  Twilight Council  
  67  5:12  Shield Battery  
  65  5:16  Probe  
  65  5:17  Probe  
  67  5:28  Sentry x2, Probe  
  68  5:29  Probe  
  73  5:39  Observer (Chrono Boost)  
  73  5:41  Probe  
  61  5:52  Observer (Chrono Boost)  
  58  5:58  Phoenix  
  58  6:01  Probe  
  59  6:05  Observer, Stalker  
  59  6:06  Probe  
  59  6:08  Probe  
  60  6:13  Probe  
  61  6:18  Probe  
  61  6:20  Probe  
  61  6:25  Probe  
  64  6:26  Stalker  
  64  6:31  Probe (Chrono Boost)  
  67  6:37  Probe x2 (Chrono Boost)  
  69  6:40  Gateway x2  
  69  6:43  Forge, Probe (Chrono Boost)  
  72  6:48  Probe x2 (Chrono Boost)  
  72  6:50  Immortal (Chrono Boost), Probe (Chrono Boost)  
  72  6:53  Probe x2 (Chrono Boost)  
  77  6:55  Zealot x2  
  77  6:57  Probe  
  77  6:59  Shield Battery  
  84  7:03  Probe  
  84  7:04  Probe  
  86  7:09  Probe  
  86  7:12  Pylon  
  87  7:16  Photon Cannon  
  87  7:22  Stalker x2  
  91  7:24  Protoss Ground Weapons Level 1 (Chrono Boost)  
  91  7:27  Probe  
  92  7:30  Pylon  
  92  7:38  Probe x2 (Chrono Boost)  
  92  7:39  Assimilator  
  92  7:41  Charge (Chrono Boost), Assimilator, Photon Cannon  
  94  7:44  Assimilator  
  94  7:47  Assimilator  
  94  7:48  Probe (Chrono Boost)  
  94  7:50  Probe (Chrono Boost)  
  97  7:56  Probe (Chrono Boost)  
  99  7:58  Probe (Chrono Boost)  
  99  7:59  Probe (Chrono Boost)  
  99  8:03  Gateway  
  99  8:08  Immortal, Photon Cannon, Gateway  
  101  8:13  Zealot x2  
  105  8:30  Stalker x2  
  101  8:37  Stalker x2  
  77  8:50  Immortal (Chrono Boost)  
  81  8:58  Zealot  
  81  9:02  Zealot x2  
  79  9:04  Zealot  
  79  9:08  Zealot x3  
  64  9:23  Probe x2  
  54  9:25  Pylon  
  54  9:26  Pylon  
  54  9:27  Pylon, Zealot, Immortal (Chrono Boost)  
  54  9:28  Zealot x3  
  65  9:35  Protoss Ground Weapons Level 2 (Chrono Boost)  
  65  9:38  Pylon  
  65  9:42  Nexus  
  65  9:45  Pylon  
  65  9:47  Zealot, Templar Archives  
  67  9:56  Zealot x4  
  71  10:01  Zealot  
  72  10:10  Immortal  
  76  10:25  Zealot, High Templar x2  
  76  10:26  Zealot  
  83  10:29  Archon  
  83  10:35  Zealot x2  
  81  10:45  Observer  
  81  10:46  Zealot x2  
  71  10:55  Probe  
  70  10:59  High Templar x2  
  70  11:00  Probe  
  75  11:06  Nexus  
  75  11:09  Pylon  
  73  11:12  Archon  
  73  11:21  High Templar x2  
  73  11:24  Immortal (Chrono Boost)  
  77  11:28  Archon  
  81  11:34  Photon Cannon  
  81  11:42  Probe x2  
  81  11:45  Dark Shrine  
  83  11:57  Zealot x4  
  87  12:17  Probe x2  
  81  12:23  Zealot x4  
  81  12:32  Probe x3  
  85  12:44  Probe x3  
  85  12:50  Cybernetics Core  
  87  12:56  Probe x2  
  89  12:59  Dark Templar x2  
  93  13:07  Dark Templar x2  
Show
View Real Time Build Order
Export as new Build Order

uThermal Protoss - Winner!

Build Orders: Phoenix Opening, Archon Immortal 

Get SALT Encoding   

  12  0:00  Probe  
  13  0:12  Probe  
  14  0:18  Pylon  
  14  0:24  Probe  
  15  0:36  Probe (Chrono Boost)  
  15  0:37  Gateway  
  16  0:46  Assimilator  
  16  0:47  Probe (Chrono Boost)  
  17  0:52  Probe (Chrono Boost)  
  17  0:56  Assimilator  
  18  1:03  Probe  
  19  1:10  Gateway  
  19  1:15  Probe  
  20  1:24  Cybernetics Core  
  20  1:27  Probe (Chrono Boost)  
  21  1:37  Probe (Chrono Boost)  
  21  1:38  Pylon  
  22  1:42  Probe (Chrono Boost)  
  23  1:56  Probe  
  23  2:00  Sentry, Stalker  
  28  2:03  Warp Gate  
  28  2:08  Probe  
  29  2:14  Pylon  
  29  2:18  Pylon  
  29  2:24  Probe  
  30  2:33  Phoenix  
  30  2:46  Nexus  
  30  2:47  Sentry  
  30  2:48  Sentry  
  34  2:53  Probe  
  34  3:00  Robotics Facility  
  34  3:05  Probe  
  35  3:14  Pylon  
  35  3:18  Probe  
  36  3:22  Twilight Council  
  36  3:28  Stalker  
  36  3:31  Probe (Chrono Boost)  
  39  3:43  Probe (Chrono Boost)  
  40  3:49  Warp Prism (Chrono Boost)  
  40  3:51  Probe (Chrono Boost)  
  43  3:59  Probe  
  44  4:05  Dark Shrine  
  44  4:06  Probe  
  45  4:11  Probe  
  46  4:23  Probe  
  47  4:24  Immortal (Chrono Boost)  
  47  4:27  Probe  
  52  4:36  Shield Battery  
  50  4:39  Stalker  
  50  4:40  Stalker  
  50  4:41  Probe  
  50  4:44  Probe  
  56  4:50  Pylon  
  56  4:56  Probe  
  56  4:58  Probe  
  55  5:08  Probe  
  55  5:10  Probe  
  57  5:18  Dark Templar x2  
  57  5:20  Probe  
  62  5:22  Pylon, Probe  
  56  5:32  Probe  
  56  5:34  Probe  
  55  5:44  Probe  
  55  5:47  Probe  
  57  5:56  Probe, Nexus  
  58  5:57  Pylon  
  58  5:59  Probe  
  57  6:08  Probe  
  57  6:11  Probe  
  59  6:13  Assimilator  
  59  6:15  Assimilator  
  59  6:17  Immortal (Chrono Boost)  
  63  6:20  Probe  
  63  6:23  Probe  
  63  6:33  Probe (Chrono Boost)  
  63  6:35  Probe (Chrono Boost)  
  63  6:44  Probe (Chrono Boost)  
  63  6:45  Probe (Chrono Boost)  
  65  6:47  Gateway  
  65  6:48  Probe (Chrono Boost)  
  65  6:49  Gateway  
  65  6:54  Immortal (Chrono Boost), Probe  
  66  6:59  Probe  
  72  7:10  Probe  
  72  7:12  Pylon  
  72  7:15  Probe x2  
  75  7:21  Immortal (Chrono Boost)  
  79  7:23  Probe  
  79  7:27  Probe  
  81  7:34  Shield Battery  
  81  7:35  Probe  
  82  7:38  Dark Templar  
  82  7:39  Dark Templar  
  82  7:42  Dark Templar  
  82  7:43  Probe x2, Dark Templar  
  92  7:47  Probe  
  92  7:49  Archon x2  
  93  7:52  Charge (Chrono Boost)  
  93  7:55  Probe  
  93  7:56  Probe  
  99  7:58  Immortal  
  99  8:00  Probe  
  100  8:08  Pylon, Probe  
  100  8:14  Stalker x2  
  100  8:15  Pylon  
  100  8:21  Stalker  
  100  8:22  Probe  
  100  8:23  Probe  
  100  8:26  Probe  
  103  8:34  Probe  
  104  8:35  Probe  
  104  8:38  Zealot  
  104  8:39  Zealot x2  
  104  8:40  Probe  
  110  8:47  Immortal (Chrono Boost)  
  100  8:49  Probe  
  100  8:50  Probe  
  100  8:52  Probe  
  103  9:01  Probe  
  103  9:02  Probe  
  101  9:04  Probe  
  101  9:09  Zealot  
  98  9:10  Zealot x3  
  98  9:13  Probe  
  98  9:14  Probe  
  98  9:16  Probe  
  107  9:23  Immortal (Chrono Boost)  
  101  9:25  Probe  
  101  9:26  Probe, Forge  
  101  9:28  Forge, Probe  
  101  9:30  Assimilator  
  108  9:35  Dark Templar x2  
  108  9:36  Assimilator  
  108  9:37  Zealot, Probe  
  115  9:38  Probe  
  115  9:39  Zealot, Archon  
  115  9:40  Probe  
  115  9:44  Pylon  
  119  9:50  Probe  
  120  9:55  Immortal  
  120  10:05  Gateway  
  120  10:06  Zealot, Gateway  
  120  10:07  Zealot x2  
  124  10:08  Zealot  
  124  10:12  Protoss Ground Weapons Level 1 (Chrono Boost), Protoss Ground Armor Level 1 (Chrono Boost)  
  128  10:25  Nexus  
  128  10:26  Pylon  
  128  10:30  Stalker x3  
  133  10:42  Immortal (Chrono Boost)  
  127  10:43  Stalker  
  127  10:44  Probe  
  116  10:53  Stalker x2  
  112  11:02  Dark Templar  
  114  11:06  Dark Templar  
  116  11:12  Archon  
  116  11:19  Immortal (Chrono Boost)  
  116  11:20  Dark Templar x2  
  116  11:21  Blink (Chrono Boost)  
  116  11:22  Pylon  
  116  11:23  Archon  
  124  11:28  Photon Cannon  
  124  11:30  Photon Cannon  
  124  11:35  Dark Templar  
  124  11:36  Dark Templar  
  124  11:39  Archon  
  128  11:41  Probe x2  
  128  11:42  Photon Cannon  
  128  11:44  Shield Battery  
  130  11:48  Shield Battery  
  130  11:52  Probe x2  
  132  11:56  Stalker x2  
  132  11:57  Probe  
  129  12:10  Zealot  
  129  12:11  Zealot  
  129  12:15  Zealot x2  
  135  12:21  Probe x2  
  129  12:24  Zealot x2  
  129  12:29  Pylon  
  124  12:31  Stalker x3  
  124  12:35  Probe  
  124  12:36  Observer (Chrono Boost)  
  131  12:42  Photon Cannon  
  131  12:43  Stalker x2, Photon Cannon  
  135  12:45  Shield Battery  
  135  12:53  Gateway  
  135  12:54  Gateway  
  135  13:17  Stalker x3  
  139  13:25  Nexus  
Tags
 
Add a new tag
Caveats
  • Supply blocks, unpowered buildings, or Contaminate may cause inaccurate times.
  • Supply counts are checked every 10 seconds.